 Dungeon Crawl Stone Soup version 0.31-a0-1002-g8e65716e6e (webtiles) character file.

Game seed: 17185613859677319845

116 Colgate the Ruffian (level 4, -7/40 HPs)
             Began as a Troll Shapeshifter on Nov 10, 2023.
             Mangled by a gnoll
             ... wielding a +0 halberd
              (14 damage)
             ... on level 3 of the Dungeon.
             The game lasted 00:01:49 (1475 turns).

Colgate the Ruffian (Troll Shapeshifter)            Turns: 1475, Time: 00:01:50

Health: -7/40      AC:  4    Str: 24    XL:     4   Next: 70%
Magic:  3/3        EV:  9    Int:  6    God:
Gold:   122        SH:  0    Dex:  9    Spells: 3/3 levels left

rFire   . .          .
                       - Unarmed
rCold   . . .        (no shield)
rNeg    . . .        a - +0 animal skin
rPois   .            (helmet currently unavailable)
rElec   .            (cloak currently unavailable)
rCorr   .            (gloves unavailable)
SInv    .            (boots unavailable)
Will    .....        (no amulet)
Stlth   +            (no ring)
HPRegen 1.06/turn    (no ring)
MPRegen 0.08/turn

%: no passive effects
@: beast-form
A: beast (slay +1), large, unfitting armour, claws 3, regeneration 1, shaggy fur
1, tough skin 1
a: Begin Untransformation


You were on level 3 of the Dungeon.
You were a hulking beast.
You visited 1 branch of the dungeon, and saw 3 of its levels.

You collected 122 gold pieces.

Inventory:

Missiles
 j - 3 poisoned darts
 k - 6 darts of dispersal
Armour
 a - a +0 animal skin (worn)
Jewellery
 l - an amulet of faith
Talismans
 c - a beast talisman
 d - a flux talisman
Wands
 n - a wand of charming (9)
Scrolls
 f - a scroll of vulnerability {unknown}
 h - a scroll of revelation {unknown}
Potions
 b - a potion of lignification
 e - a potion of curing {unknown}
 g - a potion of mutation {unknown}
 i - a potion of magic {unknown}
 m - a potion of heal wounds {unknown}


   Skills:
 - Level 0.7 Fighting
 - Level 1.5 Dodging
 + Level 5.5 Unarmed Combat
 - Level 3.0 Shapeshifting


You had 3 spell levels left.
You didn't know any spells.
Your spell library was empty.

Dungeon Overview and Level Annotations

Branches:
Dungeon (3/15)

Altars:


Innate Abilities, Weirdness & Mutations

You are a hulking beast.
Your limbs bulge with bestial killing power. (Slay +1)
You are too large for most types of armour.
You have claws for hands.
Your natural rate of healing is unusually fast.
You are covered in fur. (AC +1)
You have tough skin. (AC +1)


Message History

You are too injured to fight recklessly!
There are monsters nearby!
You are too injured to fight recklessly!
There are monsters nearby!
You are too injured to fight recklessly!
There are monsters nearby!
You are too injured to fight recklessly!
There are monsters nearby!
You are too injured to fight recklessly!
There are monsters nearby!
You are too injured to fight recklessly!
There are monsters nearby!
You are too injured to fight recklessly!
There are monsters nearby!
The adder attacks as it pursues you! The adder closely misses you.
The adder bites you but does no damage.
You scratch the adder. The adder closely misses you.
The gnoll barely misses you.
You barely miss the adder. The adder closely misses you.
The gnoll hits you from afar with a +0 spear!
You claw the adder!
You kill the adder!
The gnoll barely misses you.
Found a stone staircase leading down.
There is a stone staircase leading down here.
The gnoll hits you from afar with a +0 spear.
The gnoll hits you from afar with a +0 halberd.
The gnoll misses you.
You claw the gnoll!
You kill the gnoll!
The gnoll hits you from afar with a +0 halberd!
The gnoll closely misses you. The gnoll hits you with a +0 halberd!
Things that are here:
a +0 spear; a gnoll corpse You claw the gnoll!
The gnoll closely misses you. The gnoll hits you with a +0 halberd!
* * * LOW HITPOINT WARNING * * *
You closely miss the gnoll. The gnoll closely misses you.
The gnoll hits you with a +0 halberd!
You die...

....#####.##.# #.#.#
.....####.##.####.#.#
......g.#.........#.###
.....##.#..............
.....##.#.###.#####.#####
.......g#.###.##........#
#.##.####.....##.##.##.#######
..#............gg...#........#
.....###########h####..####.##
.....# #....#..# #.# .....#
###.####.#..# #.# ......
.......>.#######.# .....#.
###.###..##......# .....##
#..##.###### ...... #..##.#
#..##<# ...####


You could see 2 gnolls.

Vanquished Creatures
  6 adders
  A gnoll (D:3)
  2 worms (D:2)
  A dart slug (D:1)
  6 ball pythons
  3 endoplasms
  2 giant cockroaches (D:1)
  5 goblins
  6 hobgoblins
  2 quokkas
  2 bats (D:1)
  9 frilled lizards
  2 rats
47 creatures vanquished.

Notes
Turn   | Place    | Note
-------+----------+-------------------------------------------
     0 | D:1      | Colgate the Troll Shapeshifter began the quest for the Orb.
     0 | D:1      | Reached XP level 1. HP: 18/18 MP: 0/0
    99 | D:1      | Reached XP level 2. HP: 26/26 MP: 1/1
   394 | D:1      | Reached skill level 4 in Unarmed Combat
   858 | D:2      | Reached XP level 3. HP: 32/32 MP: 2/2
  1074 | D:2      | Reached skill level 5 in Unarmed Combat
  1074 | D:2      | Reached XP level 4. HP: 40/40 MP: 3/3
  1475 | D:3      | Mangled by a gnoll

Illustrated notes

Levels and vault maps discovered:
D:1:      minmay_arrival_nine_rooms, layout_basic, minivault_23
D:2:      layout_loops_ring
D:3:      layout_basic, mainiacjoe_overflow_alcove_2,
          shapermc_ecumenical_altar_mp_highgroup, uniq_ijyb

Skill      XL: |  1  2  3 |
---------------+----------+-----
Unarmed Combat | 4 5 |  5.5
Fighting       | |  0.7
Dodging        | |  1.5
Shapeshifting  | |  3.0

Action                     |  1- 3 |  4- 6 || total
---------------------------+-------+-------++-------
  Melee: Unarmed           |    68 |    28 ||    96
         Punch             |       |     1 ||     1
   Stab: Sleeping          |     1 |       ||     1
 Armour: Animal skin       |    40 |    27 ||    67
  Dodge: Dodged            |    27 |    17 ||    44

Table legend: (Time is in decaauts)
 A = Elapsed time spent in this place.
 B = Non-inter-level travel time spent in this place.
 C = Inter-level travel time spent in this place.
 D = Time resting spent in this place.
 E = Time spent auto-exploring this place.
 F = Levels seen in this place.
 G = Mean time per level.
                   A        B        C        D        E       F      G
               +--------+--------+--------+--------+--------+-----+--------+
         Total |   1466 |   1431 |     35 |      0 |   1175 |   3 |  488.7 |
       Dungeon |   1466 |   1431 |     35 |      0 |   1175 |   3 |  488.7 |
               +--------+--------+--------+--------+--------+-----+--------+

Top non-repeatable levels by time:
     D:1: 775 daAuts
     D:2: 568 daAuts
     D:3: 122 daAuts
